 Dungeon Crawl Stone Soup version 0.30.0-29-ga12c61a403 (webtiles) character file.

Game seed: 6772396185829650306

756 LynnLen the Covert (level 7, -7/32 HPs)
             Began as a Spriggan Enchanter on June 20, 2023.
             Was an Initiate of Dithmenos.
             Killed from afar by an electric eel (10 damage)
             ... with a bolt of electricity
             ... on level 6 of the Dungeon.
             The game lasted 00:12:39 (4756 turns).

LynnLen the Covert (Spriggan Enchanter)             Turns: 4756, Time: 00:12:40

Health: -7/32      AC:  2    Str:  4    XL:     7   Next: 50%
Magic:  5/15       EV: 17    Int: 19    God:    Dithmenos [......]
Gold:   143        SH:  0    Dex: 15    Spells: 6/15 levels left

rFire   . . .        j - +3 dagger
rCold   . . .        (no shield)
rNeg    . . .        b - +0 robe
rPois   .            (helmet restricted)
rElec   .            (no cloak)
rCorr   .            (gloves unavailable)
SInv    +            (boots unavailable)
Will    +....        (no amulet)
Stlth   ++++         (no ring)
HPRegen 0.25/turn    (no ring)
MPRegen 0.14/turn

%: no passive effects
@: very quick
A: very small, no large weapons, unfitting armour, see invisible, speed 3
a: Renounce Religion


You were on level 6 of the Dungeon.
You worshipped Dithmenos.
Dithmenos was noncommittal.
You visited 2 branches of the dungeon, and saw 7 of its levels.

You collected 332 gold pieces.
You spent 189 gold pieces at shops.

Inventory:

Hand Weapons
 j - a +3 dagger (weapon)
 q - a +2 rapier of electrocution
Missiles
 a - 10 poisoned darts (quivered)
Armour
 b - a +0 robe (worn)
Jewellery
 l - a +4 ring of protection
 p - an amulet of regeneration
Wands
 r - a wand of digging (1)
Scrolls
 e - a scroll of fear {unknown}
 g - a scroll of teleportation
 k - a scroll of blinking {unknown}
 m - a scroll of vulnerability {unknown}
 n - a scroll of enchant weapon {unknown}
Potions
 c - a potion of invisibility
 d - 2 potions of attraction
 h - a potion of might
 i - a potion of brilliance
 o - a potion of degeneration {unknown}


   Skills:
 - Level 1.1 Short Blades
 - Level 2.6 Dodging
 + Level 9.5 Stealth
 + Level 4.9 Spellcasting
 + Level 5.7 Hexes
 * Level 3.8 Transmutations
 * Level 1.9 Invocations


You had 6 spell levels left.
You knew the following spells:

 Your Spells              Type           Power      Damage    Failure   Level
a - Ensorcelled Hibernat  Hex/Ice        30%        N/A       6%          2
b - Confusing Touch       Hex            26%        N/A       3%          3
c - Tukima's Dance        Hex            26%        N/A       3%          3
d - Beastly Appendage     Tmut           38%        N/A       2%          1

Your spell library contained the following spells:

 Spells                   Type           Power      Damage    Failure   Level
 Wereblood                Tmut           19%        N/A       3%          2
 Dazzling Flash           Conj/Hex       30%        N/A       12%         3
 Inner Flame              Hex/Fire       15%        N/A       12%         3
 Spider Form              Tmut/Pois      12%        N/A       17%         3
 Cigotuvi's Dreadful Rot  Necr/Pois/Air  8%         N/A       19%         2
 Ignite Poison            Fire/Tmut/Pois 9%         N/A       22%         3
 Flame Wave               Conj/Fire      4%         2d5       77%         4
 Sticky Flame             Conj/Fire      4%         2d3       77%         4
 Freezing Cloud           Conj/Ice/Air   2%         6-21      98%         5


Dungeon Overview and Level Annotations

Branches:
Dungeon (6/15)             Temple (1/1) D:5

Altars:
Ashenzari
Cheibriados
Dithmenos
Elyvilon
Fedhas
Hepliaklqana
Makhleb
Nemelex Xobeh
Qazlal
Ru
Sif Muna
Trog
Uskayaw
Vehumet
Wu Jian
Xom
Zin
The Shining One

Shops:
D:5 (


Innate Abilities, Weirdness & Mutations

You are very small and have problems with some larger weapons.
You are too small for most types of armour.
You have supernaturally acute eyesight. (SInv)
You cover ground extremely quickly. (Speed+++)


Message History

Aim: an orc warrior, wielding a +2 halberd of protection and wearing a +0 chain mail (chance to affect: 57%)
The orc warrior resists with significant effort.
The orc shouts!
Unknown command.
The orc barely misses you.
The orc warrior hits you from afar with a +2 halberd of protection!!
Ouch! That really hurt!
You open the door.
An ice beast comes into view.
Found a stone staircase leading down.
An iguana comes into view.
There is an open door here.
The iguana hisses angrily.
You open the door. The iguana misses you.
There is an open door here.
A hound comes into view.
You hit the hound.
The hound is lightly wounded.
The hound bites you.
As you read the scroll of teleportation, it crumbles to dust.
You feel strangely unstable. The hound closely misses you.
The hound bites you but does no damage.
You feel better.
The hound stops to sniff the ground.
The hound barely misses you.
You feel better. The hound barely misses you. The iguana bites you!
The hound bites you.
Unknown command.
The hound closely misses you. The iguana closely misses you.
Your surroundings suddenly seem different. 2 orcs and an electric eel come into view.
An orc is wielding a +2 dagger of draining.
Found 6 atropa-tipped darts.
An orc comes into view. It is wielding a +0 trident.
The orc shouts!
The electric eel shoots out a bolt of lightning at you!
The bolt of electricity hits you!
* * * LOW HITPOINT WARNING * * *
The bolt of electricity hits you!
You die...

#( #.##
#.#.
###...
..... ...
#.#.###
#...@.#
#####.#
♣S..
~~~~♣
~o~~~♣
~~P~♣~~~
≈≈≈~o♣o~~
≈≈≈≈~P
~~~


You could see an electric eel and 3 orcs.

Vanquished Creatures
  2 ogres
  A scorpion (D:5)
  A howler monkey (D:4)
  A hound (D:5)
  A jelly (D:5)
  3 orc priests
  2 sleepcaps
  3 iguanas (D:5)
  2 orc wizards
  6 adders
  A white imp (D:5)
  A worm (D:2)
  A dart slug (D:1)
  16 orcs
  2 ball pythons
  5 bats
  4 endoplasms
  4 giant cockroaches
  3 hobgoblins
  4 quokkas
  2 frilled lizards
  2 goblins
  5 kobolds
  4 rats
76 creatures vanquished.

Vanquished Creatures (collateral kills)
  Terence (D:2)
  An orc (D:5)
2 creatures vanquished.

Vanquished Creatures (others)
  2 dancing weapons
2 creatures vanquished.

Grand Total: 80 creatures vanquished

Notes
Turn   | Place    | Note
-------+----------+-------------------------------------------
     0 | D:1      | LynnLen the Spriggan Enchanter began the quest for the Orb.
     0 | D:1      | Reached XP level 1. HP: 9/9 MP: 5/5
   293 | D:1      | Reached XP level 2. HP: 13/13 MP: 6/6
   299 | D:1      | Learned a level 2 spell: Ensorcelled Hibernation
   554 | D:1      | Reached skill level 5 in Stealth
   707 | D:2      | Noticed Terence
   825 | D:2      | Reached XP level 3. HP: 16/16 MP: 8/8
   829 | D:2      | Learned a level 3 spell: Confusing Touch
   833 | D:2      | Learned a level 3 spell: Tukima's Dance
  1239 | D:2      | Killed Terence
  1240 | D:2      | Reached skill level 6 in Stealth
  1831 | D:3      | Reached XP level 4. HP: 15/21 MP: 9/9
  1836 | D:3      | Learned a level 1 spell: Beastly Appendage
  2070 | D:3      | Reached skill level 1 in Transmutations
  2237 | D:4      | Reached skill level 7 in Stealth
  2237 | D:4      | Reached XP level 5. HP: 24/24 MP: 9/11
  2694 | D:4      | Noticed an ogre
  2701 | D:4      | Found a shadowy altar of Dithmenos.
  2722 | D:4      | Killed an ogre
  2723 | D:4      | Reached skill level 8 in Stealth
  2723 | D:4      | Reached skill level 5 in Hexes
  2723 | D:4      | Reached XP level 6. HP: 28/28 MP: 2/13
  2845 | D:4      | Became a worshipper of Dithmenos the Shadowed
  3094 | D:5      | Entered Level 5 of the Dungeon
  3183 | D:5      | Found a radiant altar of Vehumet.
  3183 | D:5      | Found a sacrificial altar of Ru.
  3241 | D:5      | Found a glowing silver altar of Zin.
  3241 | D:5      | Found a white marble altar of Elyvilon.
  3248 | D:5      | Found a shimmering blue altar of Sif Muna.
  3316 | D:5      | Found a staircase to the Ecumenical Temple.
  3319 | D:5      | Reached skill level 1 in Invocations
  3330 | Temple   | Entered the Ecumenical Temple
  3660 | D:5      | Found Vuhoq Bua's Antique Weapon Boutique.
  3662 | D:5      | Reached XP level 7. HP: 32/32 MP: 14/14
  3673 | D:5      | Bought a glowing rapier for 189 gold pieces
  3751 | D:5      | Reached skill level 9 in Stealth
  4756 | D:6      | Killed from afar by an electric eel

Illustrated notes

Levels and vault maps discovered:
D:1:      co_arrival_random_square_maze, layout_basic,
          dreamdust_princess_corridor
D:2:      layout_loops_ring, chequers_serial_rivers_micro_e,
          amcnicky_mini_rare_corridor_liquid, uniq_terence
D:3:      layout_basic, feat_on_display
D:4:      layout_cave_pools, grunt_dithmenos_smoke, serial_column_ruins,
          column_ruins_hut, column_ruins_grid_1, column_ruins_grid_1,
          column_ruins_open_small
D:5:      layout_basic, grunt_temple_overflow_open, minmay_temple_entry_wispy,
          serial_shops, shop
D:6:      layout_loops_corners, nicolae_overflow_hidden_temple,
          serial_bayou_lake_a
Temple:   nicolae_temple_bog_church

Skill      XL: |  1  2  3  4  5  6  7 |
---------------+----------------------+-----
Hexes          | 4 5 |  5.7
Stealth        | 5 6 7 8 9 |  9.5
Spellcasting   | 3 4 |  4.9
Transmutations | 1 2 3 |  3.8
Invocations    | 1 |  1.9
Short Blades   | |  1.1
Dodging        | |  2.6

Action                     |  1- 3 |  4- 6 |  7- 9 || total
---------------------------+-------+-------+-------++-------
  Melee: Dagger            |    72 |    92 |    56 ||   220
         Punch             |     2 |       |       ||     2
  Throw: Dart              |       |       |     1 ||     1
   Cast: Tukima's Dance    |     1 |     3 |     6 ||    10
         Confusing Touch   |     1 |     2 |     2 ||     5
         Ensorcelled Hiber |       |    21 |    12 ||    33
    Use: Scroll            |     4 |     2 |     1 ||     7
         Potion            |       |     2 |     2 ||     4
   Stab: Sleeping          |    13 |    22 |     7 ||    42
         Confused          |     1 |     4 |     1 ||     6
 Armour: Robe              |     2 |     6 |     6 ||    14
  Dodge: Dodged            |    42 |    74 |    46 ||   162
